 Dungeon Crawl Stone Soup version 0.30-a0-862-g1aabd4f9c5 (webtiles) character file.

Game seed: 13618575609627176124

171 MacCMillion the Chopper (level 5, -1/45 HPs)
             Began as a Ghoul Gladiator on Mar 9, 2023.
             Slain by a sky beast (5 damage)
             ... on level 3 of the Dungeon.
             The game lasted 00:08:08 (3211 turns).

MacCMillion the Chopper (Ghoul Gladiator)           Turns: 3211, Time: 00:08:08

Health: -1/45      AC: 12    Str: 20    XL:     5   Next: 51%
Magic:  4/4        EV:  8    Int:  3    God:
Gold:   231        SH:  0    Dex: 10    Spells: 4/4 levels left

rFire   . . .      SeeInvis .    a - +0 war axe
rCold   + . .      Faith    .    (no shield)
rNeg    + + +      Spirit   .    m - +0 chain mail
rPois   ∞          Reflect  .    c - +0 helmet
rElec   .          Rampage  .    (no cloak)
rCorr   .                        l - +2 pair of gloves
Will    .....                    (no boots) Stlth
                                 (no amulet)
HPRegen 0.00/turn                (no ring)
MPRegen 0.09/turn                (no ring)

@: inhibited regen
A: claws 1, cold resistance 1, negative energy resistance 3, inhibited
regeneration, torment resistance 2, devour on kill
a: no special abilities


You were on level 3 of the Dungeon.
You visited 1 branch of the dungeon, and saw 3 of its levels.

You collected 231 gold pieces.

Inventory:

Hand Weapons
 a - a +0 war axe (weapon)
Missiles
 d - 3 throwing nets
 e - a javelin
 w - a poisoned dart (quivered)
Armour
 c - a +0 helmet (worn)
 l - a +2 pair of gloves (worn)
 m - a +0 chain mail (worn)
 y - an orb of light
Jewellery
 j - a ring of magical power
Scrolls
 f - a scroll of enchant armour {unknown}
 g - a scroll of poison {unknown}
 h - 2 scrolls of noise
 k - a scroll of amnesia
 n - a scroll of vulnerability {unknown}
 r - a scroll of fog {unknown}
 s - a scroll of immolation {unknown}
 t - 4 scrolls of identify {unknown}
 u - a scroll of teleportation {unknown}
Potions
 b - a potion of lignification {unknown}
 i - a potion of flight {unknown}
 o - a potion of degeneration {unknown}
 p - a potion of curing {unknown}
 q - a potion of mutation {unknown}
 v - a potion of might {unknown}
 x - a potion of cancellation {unknown}


   Skills:
 + Level 3.6 Fighting
 * Level 4.3 Axes
 - Level 2.0 Throwing
 + Level 1.6 Armour
 - Level 2.6 Dodging


You had 4 spell levels left.
You didn't know any spells.
Your spell library contained the following spells:

 Spells                   Type           Power      Damage    Failure   Level
 Cigotuvi's Dreadful Rot  Necr/Pois/Air  0%         N/A       100%        2
 Poisonous Vapours        Pois/Air       0%         N/A       100%        2
 Mephitic Cloud           Conj/Pois/Air  0%         N/A       100%        3


Dungeon Overview and Level Annotations

Branches:
Dungeon (3/15)

Altars:

Annotations:
D:2 Ijyb


Innate Abilities, Weirdness & Mutations

You are immune to poison.
You have sharp fingernails.
Your flesh is cold resistant. (rC+)
You are immune to negative energy. (rN+++)
You do not regenerate when monsters are visible.
You are immune to unholy pain and torment.
You thrive by killing the living.


Message History

You throw a poisoned dart. The poisoned dart hits the sky beast.
The sky beast is poisoned.
You throw a poisoned dart. The poisoned dart hits the sky beast.
The sky beast looks even sicker.
You throw a poisoned dart.
The poisoned dart barely misses the sky beast.
There is a stone staircase leading up here.
The sky beast flickers out of sight!
Deactivating autopickup; reactivate with Ctrl-A.
A sky beast appears from thin air!
Reactivating autopickup.
The sky beast looks more healthy.
You closely miss the sky beast.
The sky beast is severely wounded.
The sky beast hits you. The sky beast shocks you.
The sky beast hits you but does no damage.
You hit the sky beast.
The sky beast is almost dead.
The sky beast flickers out of sight!
Deactivating autopickup; reactivate with Ctrl-A.
Something hits you but does no damage.
You miss something. Your punch misses something. Something hits you.
Something shocks you.
You hit something. Something hits you. Something shocks you.
You closely miss something.
A sky beast appears from thin air!
Reactivating autopickup.
The sky beast hits you but does no damage.
The sky beast hits you. The sky beast shocks you.
You miss the sky beast.
The sky beast is almost dead.
The sky beast hits you.
* * * LOW HITPOINT WARNING * * *
The sky beast shocks you.
* * * LOW HITPOINT WARNING * * *
You closely miss the sky beast.
The sky beast is almost dead.
The sky beast hits you.
* * * LOW HITPOINT WARNING * * *
The sky beast shocks you.
You die...

####### #.....########
##############..........)).
#.......................)..
#.####....@Y......).....##)
#.# #.#######.....####.###
#.# #.# #.#.### #.# #.# #.#
#.#.# #.# # #.# #.# #.#.#
#.# # #.# ##.## #.#.### #.#
# #.###...## #.#...####.###
#.##.#.#.#####.##...##...##
#..........)..............#


You could see a sky beast.

Vanquished Creatures
  A scorpion (D:3)
  3 adders (D:3)
  An ufetubus (D:3)
  7 orcs (D:3)
  6 bats
  5 endoplasms
  A giant cockroach (D:1)
  10 goblins
  8 hobgoblins
  3 quokkas
  10 ball pythons
  5 frilled lizards
  5 kobolds
  5 rats
70 creatures vanquished.

Notes
Turn   | Place    | Note
-------+----------+-------------------------------------------
     0 | D:1      | MacCMillion the Ghoul Gladiator began the quest for the
                  | Orb.
     0 | D:1      | Reached XP level 1. HP: 17/17 MP: 0/0
   198 | D:1      | Reached XP level 2. HP: 25/25 MP: 1/1
   208 | D:1      | Reached skill level 3 in Axes
   549 | D:1      | Found a faded altar of an unknown god.
  1310 | D:2      | Reached XP level 3. HP: 30/30 MP: 2/2
  1581 | D:2      | Noticed Ijyb
  2217 | D:3      | Reached XP level 4. HP: 38/38 MP: 3/3
  2553 | D:3      | Noticed a sky beast
  2904 | D:3      | Reached skill level 1 in Armour
  2912 | D:3      | Noticed a scorpion
  2922 | D:3      | Killed a scorpion
  2923 | D:3      | Reached skill level 4 in Axes
  2923 | D:3      | Reached XP level 5. HP: 44/45 MP: 4/4
  3211 | D:3      | Slain by a sky beast

Illustrated notes

Levels and vault maps discovered:
D:1:      spicycebolla_arrival_risky_transporter, layout_basic,
          ebering_ecumenical_altar_sacrificial
D:2:      kennysheep_the_goblin_king, layout_basic,
          hangedman_abyss_or_decor_lesser_grid
D:3:      layout_loops_ring, minmay_divided_ellipse

Skill      XL: |  1  2  3  4 |
---------------+-------------+-----
Axes           | 3 4 |  4.3
Throwing       | 2 |  2.0
Fighting       | 3 |  3.6
Armour         | 1 |  1.6
Dodging        | |  2.6

Action                     |  1- 3 |  4- 6 || total
---------------------------+-------+-------++-------
  Melee: War axe           |   116 |    85 ||   201
  Throw: Dart              |       |     5 ||     5
    Use: Scroll            |       |     2 ||     2
 Armour: Leather armour    |    15 |       ||    15
         Chain mail        |    50 |    55 ||   105
         Ring mail         |     1 |       ||     1
  Dodge: Dodged            |    52 |    33 ||    85

Table legend: (Time is in decaauts)
 A = Elapsed time spent in this place.
 B = Non-inter-level travel time spent in this place.
 C = Inter-level travel time spent in this place.
 D = Time resting spent in this place.
 E = Time spent auto-exploring this place.
 F = Levels seen in this place.
 G = Mean time per level.
                   A        B        C        D        E       F      G
               +--------+--------+--------+--------+--------+-----+--------+
         Total |   3276 |   3019 |    257 |    605 |   1594 |   3 | 1092.0 |
       Dungeon |   3276 |   3019 |    257 |    605 |   1594 |   3 | 1092.0 |
               +--------+--------+--------+--------+--------+-----+--------+

Top non-repeatable levels by time:
     D:1: 1350 daAuts
     D:3: 976 daAuts
     D:2: 949 daAuts
